 Dungeon Crawl Stone Soup version 0.16.1-16-gc44b35d (webtiles) character file.

81982 Rester5115 the Carver (level 15, -12/119 HPs)
             Began as a Demonspawn Abyssal Knight on Apr 12, 2015.
             Was the Champion of Lugonu.
             Killed from afar by Nikola (35 damage)
             ... with a chain lightning
             ... on level 2 of the Snake Pit on Apr 20, 2015.
             The game lasted 04:10:32 (34699 turns).

Rester5115 the Carver (Demonspawn Abyssal Knight)  Turns: 34699, Time: 04:10:36

Health: -12/119    AC: 21    Str: 18    XL:     15   Next: 28%
Magic:  0/26       EV: 12    Int: 22    God:    Lugonu [******]
Gold:   1578       SH: 22    Dex: 12    Spells: 1 memorised, 12 levels left

rFire  . . .     SeeInvis .     p - +6 long sword (distort)
rCold  . . .     Clarity  .     s - +1 ring mail {rPois}
rNeg   . . .     SustAb   .     c - +0 large shield
rPois  +         Gourm    .     i - +2 helmet {Int+3}
rElec  .         Spirit   +     e - +2 cloak
rCorr  .         Warding  .     S - +0 pair of gloves
rMut   .         Stasis   .     (boots unavailable)
MR     +....                    j - amulet of regeneration
Stlth  +.........               Y - +4 ring of intelligence
                                y - +2 ring of evasion

@: somewhat resistant to hostile enchantments, very unstealthy
A: talons 3, large bone plates 3, demonic guardian 2, magic shield
a: Depart the Abyss, Bend Space, Banish, Corrupt, Enter the Abyss, Renounce
Religion


You were on level 2 of the Snake Pit.
You worshipped Lugonu.
Lugonu was exalted by your worship.
You were hungry.

You visited 8 branches of the dungeon, and saw 33 of its levels.
You visited the Abyss 2 times.

You collected 2931 gold pieces.
You spent 1353 gold pieces at shops.

Inventory:

Hand weapons
 a - a +2 battleaxe of electrocution
 p - a +6 long sword of distortion (weapon)
 x - a +2 short sword of draining
 F - a +2 scimitar of flaming
Armour
 c - a +0 large shield (worn)
 e - a +2 cloak (worn)
 i - a +2 helmet of intelligence (worn)
 s - a +1 ring mail of poison resistance (worn)
 H - a +0 buckler
 M - a +8 chain mail of magic resistance
 S - a +0 pair of gloves (worn)
Magical staves
 O - an uncursed staff of earth
Jewellery
 j - an amulet of regeneration (around neck)
 l - an uncursed ring of wizardry {unknown}
 y - a +2 ring of evasion (left hand)
 Y - a +4 ring of intelligence (right hand)
Magical devices
 b - a wand of digging (12)
 r - a wand of teleportation (1)
 Q - a wand of cold (13)
Scrolls
 d - 2 scrolls of blinking
 f - 6 scrolls of teleportation
 g - 14 scrolls of remove curse
 h - 4 scrolls of recharging
 o - 5 scrolls of fog
 q - 3 scrolls of magic mapping
 C - 4 scrolls of identify
 L - a scroll of amnesia
 U - a scroll of silence
 W - a scroll of fear
Potions
 k - 11 potions of curing
 m - a potion of restore abilities
 n - 2 potions of might
 u - 4 potions of brilliance
 w - 2 potions of agility
 D - 6 potions of heal wounds
 E - a potion of poison
 J - 2 potions of haste
 K - 3 potions of resistance
 N - a potion of magic
Books
 v - a book of Air

   Spells                             Type                      Level
   a - Shock                          Conjuration/Air              1
   b - Swiftness                      Charms/Air                   2
   c - Repel Missiles                 Charms/Air                   2
   d - Flight                         Charms/Air                   3
   e - Static Discharge               Conjuration/Air              3
   f - Lightning Bolt                 Conjuration/Air              5
 z - a book of Hinderance

   Spells                             Type                      Level
   a - Confusing Touch                Hexes                        2
   b - Confuse                        Hexes                        3
   c - Petrify                        Transmutation/Earth          4
   d - Metabolic Englaciation         Hexes/Ice                    5
   e - Gell's Gravitas                Hexes/Translocation          5
   f - Summon Mana Viper              Hexes/Summoning              5
 B - a book of Flames

   Spells                             Type                      Level
   a - Flame Tongue                   Conjuration/Fire             1
   b - Throw Flame                    Conjuration/Fire             2
   c - Conjure Flame                  Conjuration/Fire             3
   d - Inner Flame                    Hexes/Fire                   3
   e - Sticky Flame                   Conjuration/Fire             4
   f - Fireball                       Conjuration/Fire             5
 G - a book of Summonings

   Spells                             Type                      Level
   a - Abjuration                     Summoning                    3
   b - Recall                         Summoning/Translocation      3
   c - Shadow Creatures               Summoning                    5
   d - Summon Demon                   Summoning                    5
   e - Summon Forest                  Summoning/Translocation      5
   f - Monstrous Menagerie            Summoning                    6
Miscellaneous
 A - a phial of floods
Comestibles
 t - 16 fruits
 I - 11 beef jerkies
 P - 2 bread rations
 R - a poisonous chunk of flesh
 T - 4 meat rations
 V - a slice of pizza


   Skills:
 + Level 11.6 Fighting
 + Level 13.7 Long Blades
   Level 2.4 Polearms
   Level 4.9(5.1) Slings
 - Level 1.5(3.4) Throwing
 + Level 11.1 Armour
 - Level 3.8 Dodging
 * Level 12.2 Shields
 + Level 7.6 Invocations
 - Level 0.9 Evocations


You had 12 spell levels left.
You knew the following spells:

 Your Spells              Type           Power        Failure   Level  Hunger
a - Swiftness             Chrm/Air       #.......     99%         2    ###....


Dungeon Overview and Level Annotations

Branches:
Dungeon (15/15)            Temple (1/1) D:4            Lair (8/8) D:8
 Shoals (0/5) Lair:5        Snake (2/5) Lair:3        Slime (1/6) Lair:7
    Orc (4/4) D:9             Elf (1/3) Orc:3        Vaults (0/5) D:13
 Depths (1/5) D:15

Altars:
Ashenzari
Cheibriados
Dithmenos
Elyvilon
Fedhas
Gozag
Kikubaaqudgha
Makhleb
Nemelex Xobeh
Qazlal
Ru
Sif Muna
Trog
Vehumet
Xom
Yredelemnul
The Shining One
Beogh
Jiyva
Lugonu

Shops:
D:4 [   D:8 *   D:10 [   D:15 *!   Orc:4 *[*[   Snake:1 =(

Annotations:
D:2 Terence
D:10 corrupted
Temple corrupted
Snake:2 Nikola
Orc:2 Sonja
Orc:4 corrupted


Innate Abilities, Weirdness & Mutations

You have claws for feet.
You are completely covered in large bone plates (AC +4, SH +4).
A demonic guardian rushes to your aid.
When hurt, damage is shared between your health and your magic reserves.


Message History

Your sixfirhy hits Nikola!
Your sixfirhy shocks Nikola!
Your sixfirhy barely misses Nikola.
Nikola casts a spell.
You hear a mighty clap of thunder!
The lightning arc hits your sixfirhy.
Your sixfirhy seems to be charged up!
The lightning arc hits you!
The lightning arc hits Nikola.
The lightning arc hits your sixfirhy.
Your sixfirhy seems to be charged up!
The lightning arc hits Nikola.
The lightning arc hits your sixfirhy.
Your sixfirhy explodes in a shower of sparks!
Your sixfirhy dies!
Nikola zaps a wand.
The puff of frost misses you.
Nikola gestures wildly while chanting.
You hear a mighty clap of thunder!
The lightning arc hits you!
The lightning arc hits Nikola.
The lightning arc hits you!
* * * LOW HITPOINT WARNING * * *
The lightning arc hits Nikola.
The lightning arc hits you!
You die...

.... . . ##### ..........
..... .......#..# ..#####
#..)...#..# #.......
#....(#..# #########
#....#..######........
####...........#........
##.....#.................
#.......@@......#........
#...$..........###.......
#......#......## ##......
##....###....## ##.....
##.>## ##..## ##.... ####
#### #####


You could see Nikola.

Vanquished Creatures
  Maud (D:14)
  A dire elephant (D:15)
  3 hydras
  3 naga warriors (Snake:1)
  A catoblepas (Lair:8)
  2 death yaks
  5 naga sharpshooters (Snake:1)
  A hell knight (D:15)
  2 unseen horrors (D:15)
  An orc knight (D:15)
  A starcursed mass (Abyss:1)
  2 hill giants
  A necromancer (D:13)
  3 griffons
  A mana viper (Snake:2)
  7 black mambas
  12 elephants
  A manticore (Lair:5)
  Joseph (D:10)
  2 centaur zombies
  A torpor snail (Lair:6)
  12 spiny frogs
  2 naga magi (Snake:1)
  A tengu conjurer (D:15)
  10 komodo dragons
  A harpy skeleton (D:14)
  Grinder (D:4)
  4 polar bears
  A large abomination (Abyss:1)
  13 blink frogs
  4 ravens (D:15)
  A wandering mushroom (Lair:5)
  2 basilisks
  3 two-headed ogres
  4 wraiths
  2 deep elf magi
  44 yaks
  3 shadows
  A neqoxec (Abyss:1)
  9 hippogriffs
  2 wyverns
  A hungry ghost (D:9)
  2 vampire mosquitoes (D:12)
  4 wargs
  9 porcupines
  12 wolves
  13 nagas
  A soldier ant (D:13)
  21 water moccasins
  19 orc warriors
  A small abomination (Abyss:1)
  4 phantoms
  3 black bears
  2 sky beasts
  4 ice beasts
  A wasp (D:12)
  3 centaurs
  2 necrophages
  An eye of draining (D:12)
  8 ogres
  9 crocodiles
  A boring beetle (Lair:7)
  3 big kobolds
  20 giant frogs
  3 scorpions
  An electric eel (Lair:5)
  10 wights
  3 giant frog zombies
  3 crimson imps
  2 goliath beetles
  A jelly (D:8)
  3 giant frog skeletons
  20 orc priests
  4 centaur skeletons
  12 hounds
  An iron imp (Abyss:1)
  29 orc wizards
  4 iguanas
  7 sheep
  12 worker ants
  A hound zombie (D:5)
  2 hound skeletons
  5 gnolls
  23 adders
  45 river rats
  3 shadow imps
  A worm (D:3)
  2 adder skeletons
  6 giant geckos
  An ooze (D:1)
  149 orcs
  12 bats
  3 bat skeletons
  A bat zombie (D:9)
  6 giant cockroaches
  17 hobgoblins
  17 jackals
  19 kobolds
  A ball python (D:8)
  A giant gecko skeleton (D:8)
  4 giant newts
  16 goblins
  3 jackal zombies
  21 quokkas
  2 quokka skeletons
  17 rats
  A bush (Lair:1)
  3 fungi
  A plant (Lair:1)
814 creatures vanquished.

Vanquished Creatures (collateral kills)
  2 ettins
  Josephine (D:10)
  2 hydras
  Harold (Lair:1)
  3 centaur warriors
  4 death yaks
  A tengu warrior (D:15)
  Urug (D:10)
  A soul eater (D:12)
  A deep elf knight (D:15)
  A deep troll (D:13)
  A starcursed mass (Abyss:1)
  Erolcha (D:9)
  A griffon (Lair:5)
  6 hill giants
  4 ugly things
  A worldbinder (Orc:4)
  2 cyclopes
  A manticore (D:12)
  2 elephants (Lair:7)
  Maurice (D:10)
  A gargoyle (D:12)
  4 spiny frogs
  A wolf spider simulacrum (Abyss:1)
  A kobold demonologist (D:12)
  A smoke demon (Abyss:1)
  A two-headed ogre (D:8)
  A blink frog (Lair:1)
  A trapdoor spider (D:15)
  A ynoxinul (D:10)
  A wyvern (D:6)
  A deep elf mage (D:13)
  2 wraiths (D:10)
  A water elemental (D:15)
  2 hippogriffs
  20 yaks
  2 vampire mosquitoes (D:13)
  Grum (D:13)
  2 neqoxecs
  5 wolves
  3 nagas (Snake:1)
  3 water moccasins
  2 ice beasts
  2 orc warriors
  2 ogres
  A large abomination (Abyss:1)
  3 giant frogs
  Blork the orc (D:5)
  A small abomination (Orc:4)
  A scorpion (D:7)
  2 wights (D:6)
  3 crimson imps
  A goliath beetle (D:6)
  4 orc priests
  3 iguanas
  3 centaur zombies
  2 jellies
  3 orc wizards
  2 worker ants
  10 sheep
  Ijyb (D:2)
  A gnoll (D:6)
  13 river rats
  3 adders
  A shadow imp (D:7)
  An ufetubus (Orc:4)
  10 orcs
  A hobgoblin (D:8)
  A quokka (Lair:6)
  A plant (Lair:7)
172 creatures vanquished.

Vanquished Creatures (others)
  An octopode crusher (D:15)
  2 orc warlords (Orc:4)
  A centaur warrior (D:14)
  2 death yaks (Lair:8)
  18 sun demons
  4 ogre magi (Orc:4)
  11 soul eaters
  Nergalle (D:10)
  A spatial maelstrom (Temple)
  18 ice devils
  A salamander (Snake:1)
  3 elephants (Lair:8)
  16 sixfirhies
  A hellion (Orc:4)
  20 smoke demons
  A troll (D:11)
  14 two-headed ogres (Orc:4)
  A boulder beetle (Lair:8)
  A fire bat (Orc:4)
  A ynoxinul (Orc:4)
  2 golden eyes
  A small abomination (Orc:4)
  2 nagas (Snake:1)
  An ice beast (D:10)
  15 ogres (Orc:4)
  3 orc warriors (Orc:4)
  A crocodile (Lair:8)
  A giant frog (Lair:7)
  A spectral basilisk (D:10)
  A jelly (D:10)
  3 starcursed masses (Orc:4)
  3 quasits
  An orc priest (Orc:4)
  An orc wizard (Orc:4)
  2 spectral worker ants (D:10)
  A river rat (Lair:8)
  2 white imps (Orc:4)
  A shadow imp (Orc:4)
  6 ufetubi (Orc:4)
  8 orcs
  2 hobgoblins (Orc:4)
  2 giant spores
  5 spectral orcs (D:10)
  2 fungi
  5 plants (Lair:8)
190 creatures vanquished.

Grand Total: 1176 creatures vanquished

Notes
Turn   | Place    | Note
--------------------------------------------------------------
     0 | Abyss:1  | Rester5115, the Demonspawn Abyssal Knight, began the quest for the Orb.
     0 | Abyss:1  | Reached XP level 1. HP: 18/18 MP: 1/1
    10 | Abyss:2  | Found a corrupted altar of Lugonu.
    11 | Abyss:2  | Found a corrupted altar of Lugonu.
    39 | D:1      | Escaped the Abyss
   410 | D:1      | Gained mutation: You are partially covered in large bone plates (AC +2, SH +2). [demonic ancestry]
   410 | D:1      | Reached XP level 2. HP: 24/24 MP: 2/2
   972 | D:2      | Gained mutation: A weak demonic guardian rushes to your aid. [demonic ancestry]
   972 | D:2      | Reached XP level 3. HP: 29/29 MP: 4/4
  1056 | D:2      | Acquired Lugonu's second power
  1090 | D:2      | Found a stormy altar of Qazlal.
  1142 | D:2      | Learned a level 2 spell: Swiftness
  1218 | D:2      | Noticed Ijyb
  1219 | D:2      | Noticed Terence
  1234 | D:2      | Killed Ijyb
  1450 | D:3      | Gained mutation: A demonic guardian rushes to your aid. [demonic ancestry]
  1450 | D:3      | Reached XP level 4. HP: 37/37 MP: 5/5
  1781 | D:3      | Found a bloodstained altar of Trog.
  1870 | D:3      | Reached skill level 4 in Fighting
  2571 | D:4      | Reached XP level 5. HP: 40/42 MP: 7/7
  2612 | D:4      | Reached skill level 1 in Dodging
  2702 | D:4      | Noticed Grinder
  2719 | D:4      | Killed Grinder
  2719 | D:4      | Gained mutation: You have sharp toenails. [demonic ancestry]
  2719 | D:4      | Reached XP level 6. HP: 44/49 MP: 8/8
  2841 | D:4      | Found a staircase to the Ecumenical Temple.
  2907 | D:4      | Noticed an ogre
  2911 | D:4      | Killed an ogre
  2911 | D:4      | Acquired Lugonu's third power
  3242 | D:4      | Found Triujica's Antique Armour Shop.
  3247 | D:4      | Bought a runed chain mail for 81 gold pieces
  3590 | D:5      | Entered Level 5 of the Dungeon
  3590 | D:5      | Noticed Blork the orc
  3602 | D:5      | Killed Blork the orc
  3723 | D:5      | Reached skill level 1 in Shields
  3764 | D:5      | Found a glowing golden altar of the Shining One.
  3784 | D:5      | Gained mutation: You have razor-sharp toenails. [demonic ancestry]
  3784 | D:5      | Reached XP level 7. HP: 53/55 MP: 10/10
  3867 | D:5      | Found a blossoming altar of Fedhas.
  4216 | D:5      | Found a sacrificial altar of Ru.
  4454 | D:6      | Noticed a wyvern
  4462 | D:6      | Killed a wyvern
  4462 | D:6      | Acquired Lugonu's fourth power
  4614 | D:6      | Found a sacrificial altar of Ru.
  4653 | D:6      | Reached skill level 5 in Fighting
  4883 | D:6      | Reached skill level 1 in Throwing
  4952 | D:6      | Reached skill level 5 in Long Blades
  5001 | D:6      | Reached XP level 8. HP: 62/62 MP: 11/11
  5026 | D:6      | Reached skill level 5 in Armour
  5696 | D:7      | Reached skill level 1 in Slings
  6531 | D:8      | Noticed a two-headed ogre
  6536 | D:8      | Killed a two-headed ogre
  6674 | D:8      | Found a staircase to the Lair.
  6713 | D:8      | Acquired Lugonu's fifth power
  6785 | Lair:1   | Entered Level 1 of the Lair of Beasts
  6796 | Lair:1   | Reached XP level 9. HP: 32/68 MP: 12/12
  6870 | D:8      | Reached skill level 6 in Armour
  7640 | D:8      | Reached skill level 5 in Shields
  7841 | D:8      | Found Geraf's Serpentskin Sales.
  8023 | Lair:1   | Noticed Harold
  8030 | Lair:1   | Killed Harold
  8030 | Lair:1   | Reached skill level 7 in Long Blades
  8156 | Lair:1   | Noticed a spiny frog
  8164 | Lair:1   | Killed a spiny frog
  8213 | Lair:1   | Noticed a blink frog
  8225 | Lair:1   | Noticed a blink frog
  8228 | Lair:1   | Noticed a blink frog
  8229 | Lair:1   | Noticed a blink frog
  8233 | Lair:1   | Killed a blink frog
  8233 | Lair:1   | Reached XP level 10. HP: 63/75 MP: 14/14
  8240 | Lair:1   | Killed a blink frog
  8244 | Lair:1   | Killed a blink frog
  8302 | Lair:1   | Killed a blink frog
  8636 | Lair:1   | Noticed a spiny frog
  8656 | Lair:1   | Killed a spiny frog
  9459 | D:9      | Noticed Erolcha
  9473 | D:9      | Killed Erolcha
  9631 | D:9      | Found a white marble altar of Elyvilon.
  9668 | D:9      | Found a shadowy altar of Dithmenos.
  9677 | D:9      | Found a burning altar of Makhleb.
  9718 | D:9      | Found an opulent altar of Gozag.
  9792 | D:9      | Found a staircase to the Orcish Mines.
 10278 | D:9      | Reached skill level 8 in Long Blades
 10599 | D:10     | Entered Level 10 of the Dungeon
 10615 | D:10     | Found Psuel's Armour Boutique.
 10619 | D:10     | Bought a +0 steam dragon armour for 520 gold pieces
 10672 | D:10     | Noticed Josephine
 10679 | D:10     | Killed Josephine
 10679 | D:10     | Reached XP level 11. HP: 79/83 MP: 15/15
 10731 | D:10     | Noticed Joseph
 10746 | D:10     | Killed Joseph
 10953 | D:10     | Noticed Urug
 10980 | D:10     | Killed Urug
 11056 | D:10     | Noticed a hill giant
 11062 | D:10     | Killed a hill giant
 11114 | D:10     | Noticed Nergalle
 11154 | D:10     | Corrupted D:10
 11154 | D:10     | Noticed a blizzard demon
 11154 | D:10     | Noticed an ice devil
 11154 | D:10     | Noticed a thrashing horror
 11154 | D:10     | Noticed a thrashing horror
 11154 | D:10     | Noticed a thrashing horror
 11154 | D:10     | Noticed a bone dragon
 11155 | D:10     | Noticed a revenant
 11156 | D:10     | Noticed a thrashing horror
 11160 | D:10     | Killed Nergalle
 11694 | D:10     | Noticed Maurice
 11722 | D:10     | Killed Maurice
 11732 | D:10     | Upgraded the game from 0.16.1-14-g82efdee to 0.16.1-16-gc44b35d
 12133 | D:11     | Reached skill level 9 in Long Blades
 13262 | D:12     | Noticed a hill giant
 13265 | D:12     | Killed a hill giant
 13307 | D:12     | Noticed a soul eater
 13313 | D:12     | Killed a soul eater
 13886 | D:12     | Reached skill level 1 in Polearms
 14283 | D:13     | Noticed Grum
 14294 | D:13     | Killed Grum
 14495 | D:13     | Gained mutation: You are mostly covered in large bone plates (AC +3, SH +3). [demonic ancestry]
 14495 | D:13     | Reached XP level 12. HP: 79/92 MP: 19/19
 14808 | D:13     | Noticed a hill giant
 14812 | D:13     | Killed a hill giant
 14853 | D:13     | Noticed a hill giant
 14854 | D:13     | Noticed a deep troll
 14859 | D:13     | Killed a deep troll
 14859 | D:13     | Reached skill level 10 in Long Blades
 14862 | D:13     | Killed a hill giant
 14865 | D:13     | Noticed a necromancer
 14876 | D:13     | Killed a necromancer
 14881 | D:13     | Gained mutation: You are completely covered in large bone plates (AC +4, SH +4). [potion of beneficial mutation]
 14886 | D:13     | Found a gate to the Vaults.
 15692 | D:14     | Noticed a centaur warrior
 15696 | D:14     | Banished a centaur warrior
 15757 | D:14     | Noticed a centaur warrior
 15766 | D:14     | Killed a centaur warrior
 15774 | D:14     | Noticed Maud
 15795 | D:14     | Killed Maud
 16148 | D:14     | Noticed a centaur warrior
 16153 | D:14     | Killed a centaur warrior
 16422 | D:14     | Reached skill level 5 in Invocations
 16468 | D:14     | Gained mutation: Potions and wands are less effective at restoring your health. [mutagenic meat]
 16469 | D:14     | Lost mutation: Potions and wands are less effective at restoring your health. [mutagenic meat]
 16471 | D:14     | Gained mutation: Your spells are a little harder to cast, but a little more powerful. [mutagenic meat]
 17033 | Temple   | Entered the Ecumenical Temple
 17540 | Abyss:1  | Gained mutation: Scrolls take you a little longer to read. [a neqoxec]
 17567 | Abyss:1  | Noticed a starcursed mass
 17581 | Abyss:1  | Killed a starcursed mass
 17584 | Abyss:1  | Killed a starcursed mass
 17721 | Temple   | Escaped the Abyss
 18324 | Orc:1    | Entered Level 1 of the Orcish Mines
 18557 | Orc:2    | Noticed Sonja
 19494 | Orc:4    | Entered Level 4 of the Orcish Mines
 19517 | Orc:4    | Noticed an orc warlord
 19535 | Orc:4    | Banished an orc warlord
 19535 | Orc:4    | Mutation became permanent: You are completely covered in large bone plates (AC +4, SH +4). [demonic ancestry]
 19535 | Orc:4    | Reached XP level 13. HP: 60/101 MP: 23/23
 20044 | Orc:4    | Noticed an orc warlord
 20046 | Orc:4    | Noticed an ogre mage
 20049 | Orc:4    | Noticed an ogre mage
 20050 | Orc:4    | Banished an orc warlord
 20051 | Orc:4    | Corrupted Orc:4
 20051 | Orc:4    | Noticed a bone dragon
 20051 | Orc:4    | Noticed a bone dragon
 20053 | Orc:4    | Noticed a starcursed mass
 20062 | Orc:4    | Paralysed by an ogre mage for 5 turns
 20064 | Orc:4    | Killed a starcursed mass
 20067 | Orc:4    | Killed an ogre mage
 20075 | Orc:4    | Killed an ogre mage
 20079 | Orc:4    | Killed a starcursed mass
 20080 | Orc:4    | Killed a starcursed mass
 20101 | Orc:3    | Found a staircase to the Elven Halls.
 20332 | Orc:4    | Found Toesylo's Armour Boutique.
 20333 | Orc:4    | Found Ruakkun's Antique Armour Emporium.
 20390 | Orc:4    | Found Choc Dud's Assorted Antiques.
 20391 | Orc:4    | Found Beytohio's General Store.
 20400 | Orc:4    | Bought a potion of mutation for 32 gold pieces
 20400 | Orc:4    | Bought a scroll of enchant armour for 97 gold pieces
 20415 | Orc:4    | Lost mutation: Your spells are a little harder to cast, but a little more powerful. [potion of mutation]
 20415 | Orc:4    | Gained mutation: You expend magic power (3 MP) to slightly strengthen your wands. [potion of mutation]
 20415 | Orc:4    | Gained mutation: You have difficulty communicating with the divine. [potion of mutation]
 20416 | Orc:4    | Gained mutation: Your body is slowly deteriorating. [potion of mutation]
 20416 | Orc:4    | Gained mutation: Potions and wands are less effective at restoring your health. [potion of mutation]
 20416 | Orc:4    | Gained mutation: You are weak. (Str -2) [potion of mutation]
 20424 | Orc:4    | Bought a potion of cure mutation for 455 gold pieces
 20425 | Orc:4    | Lost mutation: Potions and wands are less effective at restoring your health. [potion of cure mutation]
 20425 | Orc:4    | Lost mutation: Scrolls take you a little longer to read. [potion of cure mutation]
 20425 | Orc:4    | Lost mutation: You are weak. (Str -2) [potion of cure mutation]
 20425 | Orc:4    | Lost mutation: You expend magic power (3 MP) to slightly strengthen your wands. [potion of cure mutation]
 20606 | Orc:4    | Reached skill level 11 in Long Blades
 21228 | Orc:3    | Found a roughly hewn altar of Beogh.
 21469 | Elf:1    | Entered Level 1 of the Elven Halls
 21471 | Elf:1    | Noticed a deep elf annihilator
 21787 | D:15     | Entered Level 15 of the Dungeon
 21850 | D:15     | Identified a scroll of acquirement
 22030 | D:15     | Found a staircase to the Depths.
 22469 | D:15     | Learned a level 2 spell: Swiftness
 22497 | D:15     | Reached skill level 10 in Shields
 22519 | D:15     | Reached skill level 10 in Armour
 22541 | D:15     | Found Mnuwkat's Elemental Accessories.
 22793 | D:15     | Found Jeah's Distillery.
 22796 | D:15     | Bought a potion of curing for 36 gold pieces
 22796 | D:15     | Bought a potion of heal wounds for 60 gold pieces
 22796 | D:15     | Bought 2 potions of curing for 72 gold pieces
 23654 | Depths:1 | Entered Level 1 of the Depths
 23654 | Depths:1 | Noticed a dire elephant
 23654 | Depths:1 | Noticed an octopode crusher
 23672 | D:15     | Killed a dire elephant
 23672 | D:15     | Reached skill level 10 in Fighting
 23707 | D:15     | Banished an octopode crusher
 25281 | Lair:3   | Found a staircase to the Snake Pit.
 25835 | Lair:3   | Reached skill level 12 in Long Blades
 25917 | Lair:3   | Gained mutation: You have claws for feet. [demonic ancestry]
 25917 | Lair:3   | Reached XP level 14. HP: 105/110 MP: 25/25
 27336 | Lair:5   | Found a staircase to the Snake Pit.
 27460 | Lair:5   | Found a staircase to the Shoals.
 29056 | Lair:6   | Lost mutation: Your body is slowly deteriorating. [potion of cure mutation]
 29056 | Lair:6   | Lost mutation: You have difficulty communicating with the divine. [potion of cure mutation]
 30226 | Lair:7   | Reached skill level 13 in Long Blades
 30885 | Temple   | Corrupted Temple
 30885 | Temple   | Noticed a tentacled starspawn
 30885 | Temple   | Noticed an Executioner
 30892 | Temple   | Identified a +5 long sword of distortion (a +3 long sword corrupted by Lugonu)
 30897 | Temple   | Noticed a tentacled starspawn
 31466 | Lair:7   | Found a viscous altar of Jiyva.
 31466 | Lair:7   | Found a staircase to the Slime Pits.
 31472 | Slime:1  | Entered Level 1 of the Pits of Slime
 31472 | Slime:1  | Noticed an acid blob
 31552 | Lair:8   | Entered Level 8 of the Lair of Beasts
 31855 | Lair:8   | Gained mutation: You are resistant to electric shocks. [potion of mutation]
 31855 | Lair:8   | Gained mutation: You are frail (-10% HP). [potion of mutation]
 31855 | Lair:8   | Gained mutation: Your flesh is heat resistant. [potion of mutation]
 31856 | Lair:8   | Lost mutation: Your flesh is heat resistant. [potion of cure mutation]
 31856 | Lair:8   | Lost mutation: You are resistant to electric shocks. [potion of cure mutation]
 31856 | Lair:8   | Lost mutation: You are frail (-10% HP). [potion of cure mutation]
 32232 | Lair:8   | Gained mutation: When hurt, damage is shared between your health and your magic reserves. [demonic ancestry]
 32232 | Lair:8   | Reached XP level 15. HP: 119/119 MP: 26/26
 32955 | Snake:1  | Entered Level 1 of the Snake Pit
 33021 | Snake:1  | Found Wurph's Jewellery Boutique.
 33135 | Snake:1  | Got a pitted chain mail
 33171 | Snake:1  | Identified the cursed -2 chain mail of Orthodoxy {SInv Stlth+} (You found it on level 1 of the Snake Pit)
 34347 | Snake:1  | Found Xuunkamn's Antique Weapon Shoppe.
 34683 | Snake:2  | Noticed Nikola
 34699 | Snake:2  | Killed from afar by Nikola

Action                   |  1- 3 |  4- 6 |  7- 9 | 10-12 | 13-15 || total
-------------------------+-------+-------+-------+-------+-------++-------
Melee: Falchion          |    93 |   185 |   634 |   665 |       ||  1577
       Long sword        |       |       |       |   625 |   484 ||  1109
       Trident           |       |       |       |    40 |       ||    40
       Scimitar          |       |       |       |   311 |  1348 ||  1659
 Fire: Hunting sling     |       |       |    94 |       |       ||    94
Throw: Tomahawk          |    10 |     3 |    25 |       |       ||    38
Invok: Bend Space        |       |       |     6 |    22 |     4 ||    32
       Banish            |       |       |       |     4 |    12 ||    16
       Corrupt           |       |       |       |     1 |     2 ||     3
       Depart the Abyss  |       |       |       |     1 |       ||     1
       Enter the Abyss   |       |       |       |     1 |       ||     1
Evoke: Wand              |     1 |     5 |       |     1 |       ||     7
       Phial of floods   |       |       |       |     2 |       ||     2
  Use: Scroll            |     1 |     1 |     6 |    13 |    18 ||    39
       Potion            |     1 |     3 |     2 |    10 |    15 ||    31
 Stab: Distracted        |       |       |     3 |     2 |     4 ||     9
       Invisible         |       |       |       |     1 |       ||     1
       Petrifying        |       |       |       |       |     2 ||     2
       Petrified         |       |       |       |       |     2 ||     2
  Eat: Chunk             |     1 |     1 |     2 |    15 |    15 ||    34
       Bread ration      |     1 |       |     4 |     4 |     5 ||    14
       Beef jerky        |       |     1 |       |     3 |     5 ||     9
       Fruit             |       |     1 |       |     4 |     5 ||    10
       Pizza             |       |     1 |       |       |     1 ||     2
       Meat ration       |       |       |       |     3 |     3 ||     6
       Royal jelly       |       |       |       |     1 |       ||     1
